 Dungeon Crawl Stone Soup version 0.25.0-9-g26727b657a (webtiles) character file.

Game seed: 4661439100499276103

466 Esekla the Slasher (level 7, -5/46 HPs)
             Began as an Octopode Skald on June 19, 2020.
             Killed from afar by an orc warrior (10 damage)
             ... with an iceblast
             ... on level 4 of the Dungeon.
             The game lasted 00:20:24 (3612 turns).

Esekla the Slasher (Octopode Skald)                 Turns: 3612, Time: 00:20:24

Health: -5/46      AC:  1    Str: 16    XL:     7   Next: 8%
Magic:  10/10      EV: 14    Int: 23    God:
Gold:   130        SH:  0    Dex: 12    Spells: 5/10 levels left

rFire    x . .     SeeInvis .   u - +0 long sword
rCold    + . .     Gourm    .   (no shield)
rNeg     . . .     Faith    .   (helmet restricted)
rPois    .         Spirit   .   (no amulet)
rElec    +         Reflect  .   h - ring of flight
rCorr    .         Harm     .   m - ring of protection from cold
MR       .....                  s - ring of Heodd {+Inv rElec rF- Str+6 Int+6}
Stlth    +++.......             (no ring)
HPRegen  0.15/turn              (no ring)
MPRegen  0.12/turn              (no ring)
                                (no ring)
                                (no ring)

@: no status effects
A: almost no armour, stealthy swim, amphibious, 8 rings, constrict 8, camouflage
1, gelatinous body 1
a: Evoke Invisibility, Evoke Flight


You were on level 4 of the Dungeon.
You were very hungry.

You visited 1 branch of the dungeon, and saw 5 of its levels.

You collected 130 gold pieces.

Inventory:

Hand Weapons
 a - a +0 falchion
 l - a +0 rapier
 o - a +2 dagger of freezing
 u - a +0 long sword (weapon)
 v - a +0 spear
Armour
 x - a +0 buckler
Jewellery
 h - a ring of flight (left tentacle)
 m - a ring of protection from cold (right tentacle)
 s - the ring of Heodd (on tentacle) {+Inv rElec rF- Str+6 Int+6}
   (You found it on level 4 of the Dungeon)

   [ring of intelligence]

   It affects your strength (+6).
   It affects your intelligence (+6).
   It makes you vulnerable to fire.
   It insulates you from electricity.
   It lets you turn invisible.
Wands
 p - a wand of polymorph (7)
Scrolls
 e - a scroll of blinking {unknown}
 f - a scroll of random uselessness {unknown}
 g - a scroll of enchant weapon {unknown}
 j - 4 scrolls of remove curse {unknown}
 k - 3 scrolls of identify {unknown}
 n - 2 scrolls of teleportation {unknown}
 t - a scroll of magic mapping {unknown}
Potions
 b - 2 potions of stabbing {unknown}
 d - a potion of lignification {unknown}
 i - 2 potions of flight {unknown}
 q - a potion of degeneration {unknown}
 r - a potion of heal wounds {unknown}
Comestibles
 c - 10 rations


   Skills:
 * Level 3.2 Fighting
 + Level 0.5(2.7) Short Blades
 * Level 4.3(4.4) Long Blades
 * Level 3.8 Dodging
 + Level 2.7 Stealth
 + Level 2.4 Spellcasting
 - Level 3.0 Charms
 * Level 2.3 Translocations
 * Level 1.6 Evocations


You had 5 spell levels left.
You knew the following spells:

 Your Spells              Type           Power        Failure   Level  Hunger
a - Infusion              Chrm           ###.         3%          1    None
g - Shroud of Golubria    Chrm/Tloc      ###...       6%          2    ##.....
s - Song of Slaying       Chrm           ###.....     5%          2    ##.....

Your spell library contained the following spells:

 Spells                   Type           Power        Failure   Level  Hunger
 Ozocubu's Armour         Chrm/Ice       #.......     21%         3    ###....
 Spectral Weapon          Hex/Chrm       #.......     21%         3    ###....


Dungeon Overview and Level Annotations

Branches:
Dungeon (5/15)
 Temple: D:4-7

Altars:
Yredelemnul

Annotations:
D:5 Duvessa, Eustachio


Innate Abilities, Weirdness & Mutations

You cannot wear most types of armour.
You are very stealthy in the water. (Stealth+)
You are amphibious.
You can wear up to eight rings at the same time.
You can use your tentacles to constrict eight enemies at once.
Your skin changes colour to match your surroundings (Stealth+).
Your rubbery body absorbs attacks. (AC +1, EV +1)


Message History

You hit the orc priest.
You kill the orc priest!
The orc warrior hits you from afar with a +0 glaive!!
* * * LOW HITPOINT WARNING * * *
The orc warrior zaps a wand.
The mass of ice explodes!
The iceblast engulfs you. You partially resist.
* * * LOW HITPOINT WARNING * * *
There is an open door here.
Okay, then.
Press: ? - help, v - describe, . - travel
Here: an orc warrior, wielding a +0 glaive, wearing a +3 plate armour and carrying a wand of iceblast (5)
The floor.
Evoke which item? (* to show all) (? for menu, Esc to quit)
Aiming: Polymorph
Press: ? - help, Shift-Dir - straight line, f - orc warrior
Aim: an orc warrior, wielding a +0 glaive, wearing a +3 plate armour and carrying a wand of iceblast (5) (chance to defeat MR: 50%)
The orc warrior resists with some effort.
The orc warrior zaps a wand.
The mass of ice explodes!
The iceblast engulfs you! You partially resist.
You die...

#..............
#############..............
#....o.oo..†'..............
#.###########..............
#.# #.............. #o#
#.....)........ #.#
#....[......#..
#.###########...).......#..
#>........@.'..........(...
#############o...........##
# ##########.#####'####.#
#. ..........o......# #.#
#.#####..).....###### #.#
#...........^.....# #.#
#.............#.#.# #.#
#.............#...# #.#
#.............#.### #.#


You could see an orc warrior.

Vanquished Creatures
  A howler monkey (D:5)
  3 hounds
  2 orc priests (D:4)
  3 orc wizards
  An iguana (D:3)
  A worker ant (D:4)
  A hound zombie (D:5)
  2 adders
  4 shadow imps (D:5)
  An ooze (D:3)
  A worm (D:4)
  3 dart slugs
  2 leopard geckos (D:2)
  4 orcs
  A ball python (D:1)
  4 bats
  3 giant cockroaches
  6 goblins
  11 hobgoblins
  6 jackals
  2 quokkas (D:2)
  10 frilled lizards
  6 kobolds
  2 rats
  A spectral orc (D:3)
81 creatures vanquished.

Notes
Turn   | Place    | Note
-------+----------+-------------------------------------------
     0 | D:1      | Esekla the Octopode Skald began the quest for the Orb.
     0 | D:1      | Reached XP level 1. HP: 14/14 MP: 3/3
   175 | D:1      | Reached XP level 2. HP: 19/19 MP: 5/5
   740 | D:1      | Learned a level 2 spell: Shroud of Golubria
   743 | D:1      | Learned a level 2 spell: Song of Slaying
   785 | D:1      | Reached XP level 3. HP: 17/25 MP: 6/6
  1776 | D:2      | Reached XP level 4. HP: 30/30 MP: 7/7
  1784 | D:2      | Reached skill level 1 in Stealth
  1908 | D:2      | Reached skill level 3 in Long Blades
  2263 | D:3      | Found a basalt altar of Yredelemnul.
  2482 | D:4      | Got a twitching marble ring
  2483 | D:4      | Identified the ring of Heodd {+Inv rElec rF- Str+6 Int+6}
                  | (You found it on level 4 of the Dungeon)
  2492 | D:4      | Reached skill level 1 in Translocations
  2566 | D:5      | Entered Level 5 of the Dungeon
  2584 | D:5      | Reached XP level 5. HP: 27/35 MP: 8/8
  2588 | D:5      | Noticed Eustachio
  2752 | D:4      | Noticed an orc warrior
  2830 | D:5      | Reached XP level 6. HP: 40/42 MP: 9/9
  2847 | D:5      | Reached skill level 1 in Evocations
  2893 | D:5      | Noticed Duvessa
  2974 | D:4      | Reached skill level 4 in Long Blades
  3404 | D:3      | Reached XP level 7. HP: 31/46 MP: 10/10
  3612 | D:4      | Killed from afar by an orc warrior

Illustrated notes

Levels and vault maps discovered:
D:1:      wander_arrival_desolate, layout_basic, serial_corexii_hall,
          corexii_hall_statues_l, corexii_hall_statues_x, minivault_14
D:2:      layout_rooms, minmay_hexomino_p4
D:3:      layout_rooms, yredelemnul_forgotten_temple_becter
D:4:      layout_basic, first_ration
D:5:      cheibrodos_two_vegetables, layout_rooms, lemuel_blue_sif_altar,
          gammafunk_ghost_stat_death, uniq_eustachio, uniq_duvessa,
          uniq_crazy_yiuf_cottage, uniq_pikel

Skill      XL: |  1  2  3  4  5  6 |
---------------+-------------------+-----
Dodging        | 3 |  3.8
Stealth        | 1 2 |  2.7
Long Blades    | 3 4 |  4.3
Translocations | 1 2 |  2.3
Fighting       | 3 |  3.2
Evocations     | 1 |  1.6
Short Blades   | |  0.5
Spellcasting   | |  2.4
Charms         | |  3.0

Action                   |  1- 3 |  4- 6 |  7- 9 || total
-------------------------+-------+-------+-------++-------
Melee: Falchion          |    73 |    51 |       ||   124
       Constrict         |    21 |    22 |     2 ||    45
       Tentacles         |    14 |    25 |       ||    39
       Dagger            |       |    13 |       ||    13
       Long sword        |       |    14 |     4 ||    18
 Cast: Shroud of Golubri |     3 |     2 |       ||     5
       Song of Slaying   |       |     3 |       ||     3
Evoke: Wand              |       |       |     1 ||     1
 Stab: Sleeping          |     6 |     3 |       ||     9
  Eat: Chunk             |     3 |     5 |       ||     8
Armor: Skin              |     4 |     8 |       ||    12
Dodge: Dodged            |    54 |    63 |     4 ||   121
       Rpst.: Falchion   |    21 |    11 |       ||    32
       Long sword        |       |     7 |     1 ||     8
